 Dungeon Crawl Stone Soup version 0.28-a0-8-g6e044cfa68 (webtiles) character file.

Game seed: 10746440630636928737

30 bande the Covered (level 3, 0/23 HPs)
             Began as a Gargoyle Fighter on July 23, 2021.
             Killed from afar by Robin (8 damage)
             ... with a puff of flame
             ... on level 1 of the Dungeon.
             The game lasted 00:01:33 (1262 turns).

bande the Covered (Gargoyle Fighter)                Turns: 1262, Time: 00:01:33

Health: 0/23       AC: 10    Str: 19    XL:     3   Next: 18%
Magic:  3/3        EV:  7    Int:  8    God:
Gold:   98         SH:  9    Dex: 10    Spells: 2/2 levels left

rFire   . . .      SeeInvis .   a - +0 war axe
rCold   . . .      Faith    .   c - +0 kite shield
rNeg    + . .      Spirit   .   b - +0 scale mail
rPois   ∞          Reflect  .   (no helmet)
rElec   +          Harm     .   (no cloak)
rCorr   .          Rampage  .   (no gloves)
Will    .....                   (no boots)
Stlth   ..........              (no amulet)
HPRegen 0.07/turn               (no ring)
MPRegen 0.08/turn               (no ring)

@: no status effects
A: sickness immunity, AC +3, negative energy resistance 1, electricity
resistance, torment resistance 1, petrification resistance
a: no special abilities


You were on level 1 of the Dungeon.
You visited 1 branch of the dungeon, and saw 2 of its levels.

You collected 98 gold pieces.

Inventory:

Hand Weapons
 a - a +0 war axe (weapon)
Armour
 b - a +0 scale mail (worn)
 c - a +0 kite shield (worn)
Scrolls
 e - a scroll of magic mapping {unknown}
 g - a scroll of noise {unknown}
Potions
 d - a potion of might
 f - a potion of heal wounds {unknown}


   Skills:
 + Level 3.5 Fighting
 + Level 2.1 Axes
 + Level 3.8 Armour
 + Level 3.7 Shields


You had 2 spell levels left.
You didn't know any spells.
Your spell library was empty.

Dungeon Overview and Level Annotations

Branches:
Dungeon (2/15)

Altars:

Shops:
D:1 [

Annotations:
D:1 Robin


Innate Abilities, Weirdness & Mutations

You are immune to sickness and miasma.
Your stone body is resilient. (AC +3)
You are immune to poison.
You resist negative energy. (rN+)
You are resistant to electric shocks. (rElec)
You are resistant to unholy torment.
You are immune to petrification.


Message History

You kill the goblin!
You barely miss the goblin. The goblin hits you but does no damage.
You block the goblin's attack.
You barely miss the goblin. The goblin barely misses you.
You barely miss the goblin. You block the goblin's attack.
The goblin completely misses you.
You slash the goblin!
You kill the goblin!
No target in view!
No target in view!
You start resting.
HP restored.
You climb downwards.
Level annotation: Robin The goblin shouts!
There is a stone staircase leading up here.
A quokka comes into view.
The goblin hits you but does no damage.
There is a stone staircase leading up here.
You climb upwards.
There is a stone staircase leading down here.
You barely miss Robin. You hit the goblin.
You kill the goblin!
Robin hits you but does no damage. x2
You hit Robin.
Robin is moderately wounded.
Robin hits you with a +0 short sword! Robin hits you but does no damage.
Unknown command.
Your scale mail prevents you from hitting Robin.
Robin is moderately wounded.
Robin zaps a wand.
The puff of flame hits you.
Unknown command.
You hit Robin.
Robin is heavily wounded.
Robin hits you with a +0 short sword.
Robin zaps a wand.
The puff of flame hits you.
You barely miss Robin.
Robin is heavily wounded.
Robin zaps a wand.
The puff of flame hits you!
You die...

......##...##.# #.# ##....
#####.###.###.# #.# #.##. #
#.........# #####.# #...# #
#####.##### #.....# #..#. ##'##
#.##### #..#. # ##...## ####.##
#)#.. #######.....###.....##
#..## ....##.......#.).))..#
#..#.
..#.#..........#@)...########....
....+..........).g...............
..#.#.........#......#########...
.##.##.......###.##.## ###.
....###.....## #.#### #. ###.#
##...### #.# #. ....# ##....###.#
#. ##### ##.#...##.# ## #
#.##.##.#.# #


You could see Robin.

Vanquished Creatures
  3 ball pythons (D:1)
  3 hobgoblins (D:1)
  2 jackals (D:1)
  A quokka (D:1)
  3 bats (D:1)
  A frilled lizard (D:1)
  10 goblins (D:1)
  A kobold (D:1)
  2 rats (D:1)
26 creatures vanquished.

Notes
Turn   | Place    | Note
-------+----------+-------------------------------------------
     0 | D:1      | bande the Gargoyle Fighter began the quest for the Orb.
     0 | D:1      | Reached XP level 1. HP: 14/14 MP: 1/1
   173 | D:1      | Reached XP level 2. HP: 19/19 MP: 2/2
   353 | D:1      | Found a faded altar of an unknown god.
   628 | D:1      | Found Hifinoje's Antique Armour Shop.
  1106 | D:2      | Noticed Robin
  1126 | D:1      | Reached XP level 3. HP: 19/23 MP: 3/3
  1262 | D:1      | Killed from afar by Robin

Illustrated notes

Levels and vault maps discovered:
D:1:      dpeg_arrival_arbitrary_a, layout_loops_corners, serial_shops,
          shop_statue, hellmonk_ecumenical_altar_blasted
D:2:      layout_rooms, basic_altar, uniq_robin

Skill      XL: |  1  2 |
---------------+-------+-----
Axes           | 2 |  2.1
Fighting       | |  3.5
Armour         | |  3.8
Shields        | |  3.7

Action                   || total
-------------------------++-------
Melee: War axe           ||    69
Armor: Scale mail        ||    52
Dodge: Dodged            ||    26
Block: Kite shield       ||    29

Table legend: (Time is in decaauts)
 A = Elapsed time spent in this place.
 B = Non-inter-level travel time spent in this place.
 C = Inter-level travel time spent in this place.
 D = Time resting spent in this place.
 E = Time spent auto-exploring this place.
 F = Levels seen in this place.
 G = Mean time per level.
                   A        B        C        D        E       F      G
               +--------+--------+--------+--------+--------+-----+--------+
         Total |   1309 |   1309 |      0 |    111 |    950 |   2 |  654.5 |
       Dungeon |   1309 |   1309 |      0 |    111 |    950 |   2 |  654.5 |
               +--------+--------+--------+--------+--------+-----+--------+

Top non-repeatable levels by time:
     D:1: 1284 daAuts
     D:2: 25 daAuts
